 Dungeon Crawl Stone Soup version 0.31-a0-188-g5e087ee2ca (webtiles) character file.

Game seed: 1416777212093596706

39 qw the Shooter (level 3, -1/20 HPs)
             Began as a Deep Elf Hunter on June 23, 2023.
             Slain by Sigmund
             ... wielding a +0 scythe
              (7 damage)
             ... on level 2 of the Dungeon.
             The game lasted 00:00:33 (1284 turns).

qw the Shooter (Deep Elf Hunter)                    Turns: 1284, Time: 00:00:34

Health: -1/20      AC:  6    Str: 10    XL:     3   Next: 26%
Magic:  5/5        EV: 11    Int: 13    God:
Gold:   78         SH:  0    Dex: 18    Spells: 2/2 levels left

rFire   . . .        Y - +0 shortbow
rCold   . . .        (shield currently unavailable)
rNeg    . . .        f - +0 ring mail
rPois   .            (no helmet)
rElec   .            (no cloak)
rCorr   .            (no gloves)
SInv    .            i - +0 pair of boots
Will    .....        (no amulet)
Stlth   +            (no ring)
HPRegen 0.23/turn    (no ring)
MPRegen 0.09/turn

%: no passive effects
@: no status effects
A: no striking features
a: no special abilities


You were on level 2 of the Dungeon.
You visited 1 branch of the dungeon, and saw 2 of its levels.

You collected 78 gold pieces.


   Skills:
 - Level 1.5 Fighting
 + Level 6.8 Ranged Weapons
 - Level 2.4 Dodging
 - Level 1.2 Stealth


You had 2 spell levels left.
You didn't know any spells.
Your spell library was empty.

Inventory:

Hand Weapons
 Y - a +0 shortbow (weapon)
Armour
 f - a +0 ring mail (worn)
 i - a +0 pair of boots (worn)
Potions
 j - a potion of mutation {unknown}

Dungeon Overview and Level Annotations

Branches:
Dungeon (2/15)

Altars:

Shops:
D:2 (

Annotations:
D:1 1 runed translucent door
D:2 Sigmund


Message History

Autopickup is now on.
Enter note:
Enter note:
Enter note:
Enter note:
Enter note:
Enter note:
Enter note:
Enter note:
Enter note:
Enter note:
Enter note:
Enter note:
Enter note:
Enter note:
Enter note:
Enter note:
Enter note:
Enter note:
Enter note:
Enter note:
Enter note:
Enter note:
Enter note:
Enter note: You start resting.
You hear some strange, mumbled words.
A puff of flame appears from out of thin air!
Deactivating autopickup; reactivate with Ctrl-A.
The puff of flame hits you.
You shoot an arrow. Something hits you but does no damage.
You shoot an arrow. You shoot an arrow. Something hits you.
You shoot an arrow. Something completely misses you.
You shoot an arrow. Something hits you!
You die...

## ####.######..#####.##
........................
...# #.....##.#.########
#..##........#.##
##...........)..#
#.........####..#
#........####..#
##....#{.......#
#....@....####.#
##......#.# #.#
##.#.....# #.# ####.#..#
#.# #### ####.# #.# #...
.# #.# #.## # #.# #.#
#.####[# #......#


There were no monsters in sight!

Vanquished Creatures
  5 bats (D:1)
  3 endoplasms
  2 giant cockroaches (D:1)
  4 goblins
  4 hobgoblins
  6 jackals (D:1)
  5 ball pythons
  A frilled lizard (D:1)
  2 kobolds (D:1)
  2 rats
34 creatures vanquished.

Notes
Turn   | Place    | Note
-------+----------+-------------------------------------------
     0 | D:1      | qw the Deep Elf Hunter began the quest for the Orb.
     0 | D:1      | Reached XP level 1. HP: 12/12 MP: 3/3
     0 | D:1      | 0 ||| qw: Version: 0.3-a-9-g12657ce
     0 | D:1      | 0 ||| qw: Game counter: 3082
     0 | D:1      | 0 ||| qw: Always use a shield: true
     0 | D:1      | 0 ||| qw: God list: Okawaru
     0 | D:1      | 0 ||| qw: Allow faded altars: false
     0 | D:1      | 0 ||| qw: Do Orc after D:15 true
     0 | D:1      | 0 ||| qw: Do second Lair branch before Depths: true
     0 | D:1      | 0 ||| qw: Lair rune preference: random
     0 | D:1      | 0 ||| qw: Plans: Normal
     0 | D:1      | 0 ||| PLANNING D:1-11
     1 | D:1      | Found a runed translucent door.
     2 | D:1      | Noticed a jelly
   135 | D:1      | Reached skill level 6 in Ranged Weapons
   135 | D:1      | Reached XP level 2. HP: 15/16 MP: 4/4
   443 | D:1      | Found a faded altar of an unknown god.
   650 | D:1      | Reached XP level 3. HP: 20/20 MP: 5/5
   984 | D:1      | 984 ||| UPGRADING to +0 ring mail.
   994 | D:1      | 994 ||| DROPPING +0 leather armour.
   995 | D:1      | 995 ||| UPGRADING to +0 pair of boots.
  1000 | D:1      | 1000 ||| READING scroll labelled NESUYP PESSU.
  1001 | D:1      | 1001 ||| READING scroll labelled LATASI GIPA.
  1002 | D:1      | 1002 ||| READING scroll labelled BITIOR UQONOTI.
  1003 | D:1      | 1003 ||| READING scroll labelled QUETEUCUNG.
  1004 | D:1      | 1004 ||| READING scroll labelled LOTISTR OGOREEX.
  1005 | D:1      | 1005 ||| DRINKING 2 metallic cyan potions.
  1006 | D:1      | 1006 ||| DROPPING scroll of butterflies.
  1008 | D:1      | 1008 ||| Stepping ~*~*~tactically~*~*~ (cloud).
  1161 | D:2      | Found Oweuq's Weapon Shop.
  1265 | D:2      | Noticed Sigmund
  1270 | D:2      | 1270 ||| DRINKING potion of curing.
  1270 | D:2      | 1270 ||| (to cure confusion)
  1279 | D:2      | HP: 5/20 [something/puff of flame (4)]
  1284 | D:2      | Slain by Sigmund

Levels and vault maps discovered:
D:1:      dpeg_arrival_caged_fury, layout_basic, shapermc_ecumenical_altar_venn,
          minmay_heptomino_o4
D:2:      layout_loops_ring, serial_shops, nicolae_shop_bloodbath_and_beyond,
          minmay_misc_feat_tiny, nicolae_figureground_sparkle, uniq_sigmund

Skill      XL: |  1 |
---------------+----+-----
Ranged Weapons | 6 |  6.8
Fighting       | |  1.5
Dodging        | |  2.4
Stealth        | |  1.2

Action                     || total
---------------------------++-------
   Fire: Shortbow          ||   120
    Use: Scroll            ||     5
         Potion            ||     2
 Armour: Leather armour    ||     9
         Ring mail         ||     1
  Dodge: Dodged            ||    40

Table legend:
 A = Non-vault XP
 B = Vault XP
 C = Vault XP percentage of total XP
 D = Non-vault monster count
 E = Vault monster count
 F = Vault count percentage of total count
                 A         B        C        D         E       F
            +---------+---------+-------+---------+---------+-------
      Total |      53 |       3 |   5.4 |      32 |       2 |   5.9
            +---------+---------+-------+---------+---------+-------
        D:1 |      44 |       3 |   6.4 |      27 |       2 |   6.9
        D:2 |       9 |       0 |   0.0 |       5 |       0 |   0.0
            +---------+---------+-------+---------+---------+-------
